 Dungeon Crawl Stone Soup version 0.20.1-1-g8b1a95d (webtiles) character file.

135 dmj the Shield-Bearer (level 4, 0/41 HPs)
             Began as a Minotaur Fighter on July 30, 2017.
             Was a Follower of Nemelex Xobeh.
             Succumbed to Robin's poison
             ... on level 3 of the Dungeon.
             The game lasted 00:11:24 (2067 turns).

dmj the Shield-Bearer (Minotaur Fighter)            Turns: 2067, Time: 00:11:25

Health: 0/41       AC:  8    Str: 20    XL:     4   Next: 97%
Magic:  3/3        EV: 10    Int:  5    God:    Nemelex Xobeh [*.....]
Gold:   98         SH:  0    Dex:  9    Spells: 3/3 levels left

rFire    + . .     SeeInvis .   n - +2 quarterstaff (chaos)
rCold    . . .     Gourm    .   (shield currently unavailable)
rNeg     . . .     Faith    .   b - +0 scale mail
rPois    .         Spirit   .   (helmet restricted)
rElec    .         Reflect  .   o - +0 cloak
rCorr    .         Harm     .   (no gloves)
MR       .....                  (no boots)
Stlth    ..........             (no amulet)
Regen    0.2/turn               e - ring of protection from fire
MPRegen  0.1/turn               j - -2 ring of strength (curse)

@: lethally poisoned (0 -> -10), flying
A: retaliatory headbutt, horns 2
a: Renounce Religion


You were on level 3 of the Dungeon.
You worshipped Nemelex Xobeh.
Nemelex Xobeh was aware of your devotion.
You were not hungry.

You visited 1 branch of the dungeon, and saw 3 of its levels.

You collected 98 gold pieces.

Inventory:

Hand Weapons
 a - a +0 war axe
 l - a +0 dagger of venom
 n - a +2 quarterstaff of chaos (weapon)
Armour
 b - a +0 scale mail (worn)
 c - a +0 shield
 o - a +0 cloak (worn)
Jewellery
 e - a ring of protection from fire (left hand)
 g - an uncursed ring of positive energy
 j - a cursed -2 ring of strength (right hand)
Scrolls
 p - a scroll of teleportation
 q - a scroll of identify
Potions
 d - a potion of might
 h - a potion of flight
Miscellaneous
 m - a plain deck of summoning
Comestibles
 f - a bread ration
 i - a meat ration
 k - a royal jelly


   Skills:
 + Level 4.4 Fighting
 + Level 1.5 Short Blades
 + Level 3.3 Axes
 + Level 4.1 Armour
 + Level 1.0 Dodging
 + Level 0.5 Stealth
 + Level 4.7 Shields


You had 3 spell levels left.
You didn't know any spells.

Dungeon Overview and Level Annotations

Branches:
Dungeon (3/15)

Altars:
Elyvilon
Fedhas
Nemelex Xobeh
Qazlal
Sif Muna

Annotations:
D:3 Robin


Innate Abilities, Weirdness & Mutations

You reflexively headbutt those who attack you in melee.
You have a pair of horns on your head.


Message History

You fly up into the air.
* * * LOW HITPOINT WARNING * * *
You feel sick. Something hits you but does no damage.
As you read the scroll labeled FISTRU VUUHEA, it crumbles to dust.
You feel strangely unstable.
It was a scroll of teleportation.
Robin hits you but does no damage.
You are more poisoned.
Something hits you.
* * * LOW HITPOINT WARNING * * *
As you read the scroll labeled LASOTA DOFRAPH, it crumbles to dust.
It is a scroll of recharging.
You aren't carrying any rechargeable items.
* * * LOW HITPOINT WARNING * * *
You feel sick.
Robin roars a battlecry!
Something hits you.
* * * LOW HITPOINT WARNING * * *
Your surroundings suddenly seem different.
You die...
Your body disappears without a glow.

## ##.##
##.#.##################
#.#........#.......$...
#####...#####.#@#.))...##.
##.........>........)......
...<......#.......)####.##.
##.#........#.##.###
#.#.##<##.##.##.#
##.#.##.##.##.##.####>#
.....##...({gg(.).......
##...##.##.##.##.####.##
........##.##.##(#


There were no monsters in sight!

Vanquished Creatures
  Crazy Yiuf (D:2)
  2 adders (D:2)
  A worm (D:2)
  6 dart slugs
  2 leopard geckos
  3 orcs (D:3)
  5 bats
  5 giant cockroaches
  16 goblins
  8 hobgoblins
  4 kobolds (D:1)
  A quokka (D:3)
  A ball python (D:2)
  4 frilled lizards
  10 rats
69 creatures vanquished.

Notes
Turn   | Place    | Note
-------+----------+-------------------------------------------
     0 | D:1      | dmj the Minotaur Fighter began the quest for the Orb.
     0 | D:1      | Reached XP level 1. HP: 19/19 MP: 0/0
   120 | D:1      | Reached XP level 2. HP: 27/27 MP: 1/1
   571 | D:1      | Reached XP level 3. HP: 33/33 MP: 2/2
   886 | D:2      | Found a deep blue altar of Sif Muna.
   888 | D:2      | Found a blossoming altar of Fedhas.
   896 | D:2      | Found a sparkling altar of Nemelex Xobeh.
   928 | D:2      | Found a stormy altar of Qazlal.
   930 | D:2      | Found a white marble altar of Elyvilon.
   941 | D:2      | Became a worshipper of Nemelex Xobeh the Trickster
  1161 | D:2      | Reached XP level 4. HP: 40/40 MP: 3/3
  1182 | D:2      | Received a gift from Nemelex Xobeh
  1478 | D:2      | Found a runed door.
  1482 | D:2      | Noticed Crazy Yiuf
  1489 | D:2      | Killed Crazy Yiuf
  1489 | D:2      | Reached skill level 1 in Short Blades
  2020 | D:3      | Reached * piety under Nemelex Xobeh
  2039 | D:3      | Noticed Robin
  2041 | D:3      | Reached skill level 1 in Dodging
  2066 | D:3      | HP: 2/41 [poisoned by Robin]
  2067 | D:3      | Succumbed to Robin's poison

Skill      XL: |  1  2  3  4 |
---------------+-------------+-----
Shields        | 4 |  4.7
Fighting       | 4 |  4.4
Axes           | 3 |  3.3
Short Blades   | 1 |  1.5
Armour         | 4 |  4.1
Dodging        | 1 |  1.0
Stealth        | |  0.5

Action                   |  1- 3 |  4- 6 || total
-------------------------+-------+-------++-------
Melee: War axe           |    31 |       ||    31
       Dagger            |    67 |     9 ||    76
       Headbutt          |    12 |     8 ||    20
       Quarterstaff      |       |    38 ||    38
  Use: Scroll            |     4 |     3 ||     7
       Potion            |       |     1 ||     1
  Eat: Bread ration      |       |     1 ||     1
       Chunk             |       |     1 ||     1
Armor: Scale mail        |    50 |    38 ||    88
Dodge: Dodged            |    36 |    37 ||    73
Block: Shield            |    47 |     2 ||    49
